 Dungeon Sprint DCSS version 0.31-a0-210-gccc998df9b (webtiles) character file.

Game seed: 16283755244771318477

11700000 123456 the Grand Master (level 27, -16/292 HPs)
             Began as an Armataur Gladiator on June 30, 2023.
             Was the Champion of Makhleb.
             Demolished by a meat beast (20 damage)
             ... in the Dungeon (Sprint VIII: "Arena of Blood").
             The game lasted 00:03:53 (117 turns).

123456 the Grand Master (Armataur Gladiator)         Turns: 117, Time: 00:03:53

Health: -16/292    AC: 10    Str: 21    XL:     27
Magic:  40/54      EV: 31    Int: 10    God:    Makhleb [******]
Gold:   0          SH:  0    Dex: 23    Spells: 80/80 levels left

rFire   + . .        k - +∞ Axe of Woe
rCold   . . .        (shield currently unavailable)
rNeg    . . .        a - +0 leather armour
rPois   .            b - +0 helmet
rElec   .            (no cloak)
rCorr   .            (no gloves)
SInv    .            (no barding)
Will    ++...        (no amulet)
Stlth   ++++++++++   l - ring of protection from fire
HPRegen 0.68/turn    (no ring)
MPRegen 0.34/turn

%: no teleportation, roll
@: lethally poisoned (-16 -> -96)
A: large, rugged brown scales 3, deformed body, armoured tail, roll, long
tongue, awkward tongue
a: Renounce Religion, Minor Destruction, Lesser Servant of Makhleb, Major
Destruction, Greater Servant of Makhleb


You were in the Dungeon.
You worshipped Makhleb.
Makhleb was exalted by your worship.
You visited 1 branch

Inventory:

Hand Weapons
 k - the +∞ Axe of Woe (weapon)
   (You found it in the Dungeon)
Missiles
 c - 3 throwing nets (quivered)
 d - a javelin
Armour
 a - a +0 leather armour (worn)
 b - a +0 helmet (worn)
Jewellery
 l - a ring of protection from fire (left hand)
Scrolls
 j - a scroll of blinking
Potions
 e - a potion of curing
 f - a potion of heal wounds
 g - a potion of haste
 h - 2 potions of magic
 i - a potion of berserk rage


   Skills:
 O Level 27 Fighting
 O Level 27 Short Blades
 O Level 27 Long Blades
 O Level 27 Axes
 O Level 27 Maces & Flails
 O Level 27 Polearms
 O Level 27 Staves
 O Level 27 Ranged Weapons
 O Level 27 Throwing
 O Level 27 Armour
 O Level 27 Dodging
 O Level 27 Stealth
 O Level 27 Shields
 O Level 27 Unarmed Combat
 O Level 27 Spellcasting
 O Level 27 Conjurations
 O Level 27 Hexes
 O Level 27 Summonings
 O Level 27 Necromancy
 O Level 27 Translocations
 O Level 27 Transmutations
 O Level 27 Fire Magic
 O Level 27 Ice Magic
 O Level 27 Air Magic
 O Level 27 Earth Magic
 O Level 27 Poison Magic
 O Level 27 Invocations
 O Level 27 Evocations


You had 80 spell levels left.
You didn't know any spells.
Your spell library was empty.

Dungeon Overview and Level Annotations

Branches:
Dungeon (1/1)

Altars:
Makhleb


Innate Abilities, Weirdness & Mutations

You are completely covered in rugged brown scales. (AC +3, +7% HP)
Armour fits poorly on your strangely shaped body.
You have a long armoured tail.
You roll when moving toward enemies. (Rampage)
Your long tongue fully drains potion bottles. (2x potion effects)
Your tongue gives you trouble enunciating. (1.5x scroll delay)


Message History

The fleshlord appears out of thin air!
A fleshlord comes into view. It is wielding a +9 great mace.
You feel extremely sick.
You hear a shout! x7
The scourge throws poison sting at you. The poison arrow hits you!!
You are more poisoned.
You hear a shout! x3; The fleshlord shouts!
Unknown command.
Unknown command.
Unknown command.
You slice the scourge!!
You cleave the scourge in twain.
You kill the scourge!
Makhleb accepts your kill.
You feel extremely sick.
You hear a shout! x6
The scourge throws poison sting at you. The poison arrow hits you!!!
You are more poisoned.
* * * LOW HITPOINT WARNING * * *
You hear a shout!
Unknown command.
Unknown command.
Unknown command.
Unknown command.
Unknown command.
The fleshlord appears out of thin air!
A fleshlord comes into view. It is wielding a +9 great mace.
* * * LOW HITPOINT WARNING * * *
You feel extremely sick.
You hear a shout! x4
The fleshlord gestures at you while chanting.
You barely resist.
You hear a shout!
The scourge throws poison at you. The bolt of poison hits you!!
You are more poisoned.
* * * LOW HITPOINT WARNING * * *
The meat beast bites you!!
You die...

..._))....)))...........).#
..###))..)°2))#.#.#..#.)..#
.....))###.)))))p...#..)..#
....)))#....))))))...#....#
....)))#....).))))..#)....#
.....).........)).).).....#
...........#...#.○○°).##..#
..........#...2#.○)..##...#
........##.....#@.○S.# ...#
.......#......#2...##.....#
.......#...###....#.......#
#...............#.........#
......p........####
###.........####
#.......#### ......####
...###


You could see a meat beast (fast), a scourge and 2 fleshlords.

Vanquished Creatures
  5 hell beasts (D)
  3 royal mummies (D)
  3 great orbs of eyes (D)
  2 wraiths (D)
  16 vampire knights (D)
  31 ogres (D)
  9 two-headed ogres (D)
  A lich (D)
  A hydra (D)
  3 phantoms (D)
  70 orcs (D)
  2 skeletal warriors (D)
  4 sea snakes (D)
150 creatures vanquished.

Notes
Turn   | Place    | Note
-------+----------+-------------------------------------------
     0 | D        | Found the +∞ Axe of Woe
     0 | D        | 123456 the Armataur Gladiator began the quest for the Orb.
     0 | D        | Reached XP level 1. HP: 18/18 MP: 1/1
     3 | D        | Noticed a bag of meat
     3 | D        | Noticed a bag of meat
     4 | D        | Became a worshipper of Makhleb the Destroyer
     4 | D        | Noticed a meat berserker
     4 | D        | Noticed a bag of meat
     5 | D        | Killed a meat berserker
     5 | D        | Noticed a bag of meat
     6 | D        | Reached skill level 10 in Fighting
     6 | D        | Reached XP level 2. HP: 40/40 MP: 2/2
     6 | D        | Reached XP level 3. HP: 48/48 MP: 3/3
     6 | D        | Reached XP level 4. HP: 54/54 MP: 4/4
     6 | D        | Reached XP level 5. HP: 62/62 MP: 5/5
     6 | D        | Reached XP level 6. HP: 70/70 MP: 6/6
     6 | D        | Reached XP level 7. HP: 77/77 MP: 7/7
     6 | D        | Reached XP level 8. HP: 84/84 MP: 8/8
     6 | D        | Reached XP level 9. HP: 90/90 MP: 9/9
     6 | D        | Reached XP level 10. HP: 99/99 MP: 10/10
     6 | D        | Reached XP level 11. HP: 105/105 MP: 11/11
     6 | D        | Noticed a meat berserker
     6 | D        | Noticed a bag of meat
     7 | D        | Killed a bag of meat
     7 | D        | Reached * piety under Makhleb
     7 | D        | Killed a bag of meat
     7 | D        | Noticed a bag of meat
     8 | D        | Reached skill level 5 in Axes
     8 | D        | Reached XP level 12. HP: 118/118 MP: 12/12
     8 | D        | Reached XP level 13. HP: 125/125 MP: 13/13
     8 | D        | Killed a bag of meat
     8 | D        | Noticed a bag of meat
     8 | D        | Noticed a bag of meat
     9 | D        | Reached skill level 1 in Armour
     9 | D        | Killed a meat berserker
     9 | D        | Reached ** piety under Makhleb
     9 | D        | Noticed a bag of meat
     9 | D        | Noticed a bag of meat
    10 | D        | Reached XP level 14. HP: 59/135 MP: 14/14
    10 | D        | Noticed a meat berserker
    10 | D        | Killed a bag of meat
    10 | D        | Killed a bag of meat
    10 | D        | Noticed a bag of meat
    11 | D        | Reached skill level 10 in Axes
    11 | D        | Noticed a bag of meat
    11 | D        | Noticed a bag of meat
    11 | D        | Noticed a bag of meat
    11 | D        | Killed a bag of meat
    11 | D        | Reached *** piety under Makhleb
    11 | D        | Noticed a bag of meat
    12 | D        | Noticed a meat berserker
    12 | D        | Noticed a bag of meat
    12 | D        | Noticed a bag of meat
    12 | D        | Killed a bag of meat
    12 | D        | Killed a meat berserker
    12 | D        | Noticed a meat berserker
    13 | D        | Reached skill level 15 in Fighting
    13 | D        | Reached XP level 15. HP: 150/150 MP: 15/15
    13 | D        | Reached **** piety under Makhleb
    14 | D        | Reached skill level 15 in Axes
    14 | D        | Reached XP level 16. HP: 161/161 MP: 16/16
    14 | D        | Reached ***** piety under Makhleb
    14 | D        | Killed a meat berserker
    15 | D        | Reached skill level 15 in Throwing
    15 | D        | Reached skill level 5 in Armour
    15 | D        | Reached skill level 27 in Unarmed Combat
    15 | D        | Noticed a meat berserker
    16 | D        | Reached XP level 17. HP: 179/179 MP: 17/17
    17 | D        | Killed a meat berserker
    19 | D        | Killed a meat berserker
    19 | D        | Reached ****** piety under Makhleb
    19 | D        | Noticed a meat berserker
    21 | D        | Noticed a destroyer
    21 | D        | Noticed a destroyer
    21 | D        | Noticed a meat berserker
    21 | D        | Noticed a meat berserker
    21 | D        | Noticed a large bag of meat
    22 | D        | Killed a meat berserker
    22 | D        | Noticed a large bag of meat
    23 | D        | Reached XP level 18. HP: 196/196 MP: 18/18
    23 | D        | Noticed a meat berserker
    23 | D        | Noticed a meat berserker
    24 | D        | Noticed a meat berserker
    24 | D        | Noticed a large bag of meat
    24 | D        | Killed a meat berserker
    24 | D        | Killed a destroyer
    25 | D        | Reached skill level 27 in Axes
    25 | D        | Reached skill level 27 in Dodging
    25 | D        | Killed a meat berserker
    25 | D        | Noticed a meat berserker
    25 | D        | Noticed a destroyer
    26 | D        | Reached skill level 27 in Fighting
    26 | D        | Reached skill level 15 in Armour
    26 | D        | Reached XP level 19. HP: 221/221 MP: 19/19
    26 | D        | Noticed a large bag of meat
    26 | D        | Killed a destroyer
    26 | D        | Noticed a destroyer
    27 | D        | Reached skill level 27 in Throwing
    27 | D        | Noticed a meat berserker
    28 | D        | Reached skill level 27 in Armour
    28 | D        | Killed a destroyer
    28 | D        | Killed a large bag of meat
    28 | D        | Noticed a destroyer
    28 | D        | Noticed a large bag of meat
    29 | D        | Reached skill level 5 in Stealth
    29 | D        | Reached skill level 5 in Shields
    29 | D        | Reached skill level 5 in Translocations
    29 | D        | Reached skill level 5 in Invocations
    29 | D        | Reached skill level 5 in Evocations
    29 | D        | Reached XP level 20. HP: 201/231 MP: 19/25
    29 | D        | Killed a meat berserker
    29 | D        | Killed a meat berserker
    29 | D        | Noticed a meat berserker
    30 | D        | Reached skill level 5 in Polearms
    30 | D        | Reached skill level 5 in Ranged Weapons
    30 | D        | Reached skill level 5 in Spellcasting
    30 | D        | Killed a large bag of meat
    30 | D        | Noticed a destroyer
    30 | D        | Noticed a destroyer
    31 | D        | Killed a destroyer
    31 | D        | Killed a meat berserker
    31 | D        | Noticed a destroyer
    31 | D        | Noticed a destroyer
    32 | D        | Reached skill level 10 in Shields
    32 | D        | Reached skill level 10 in Translocations
    32 | D        | Reached skill level 10 in Invocations
    32 | D        | Reached skill level 10 in Evocations
    32 | D        | Reached XP level 21. HP: 189/239 MP: 19/32
    33 | D        | Reached skill level 10 in Short Blades
    33 | D        | Reached skill level 10 in Transmutations
    33 | D        | Reached skill level 10 in Fire Magic
    33 | D        | Reached skill level 10 in Ice Magic
    33 | D        | Reached skill level 10 in Air Magic
    33 | D        | Reached skill level 10 in Earth Magic
    33 | D        | Reached skill level 10 in Poison Magic
    34 | D        | Reached skill level 10 in Long Blades
    34 | D        | Reached skill level 10 in Maces & Flails
    34 | D        | Reached skill level 10 in Staves
    34 | D        | Reached skill level 10 in Conjurations
    34 | D        | Reached skill level 10 in Hexes
    34 | D        | Reached skill level 10 in Summonings
    34 | D        | Reached skill level 10 in Necromancy
    34 | D        | Reached XP level 22. HP: 249/249 MP: 19/35
    34 | D        | Killed a destroyer
    35 | D        | Killed a destroyer
    35 | D        | Killed a large bag of meat
    36 | D        | Reached skill level 10 in Ranged Weapons
    36 | D        | Reached skill level 15 in Stealth
    36 | D        | Noticed a destroyer
    36 | D        | Noticed a destroyer
    36 | D        | Killed a large bag of meat
    36 | D        | Killed a destroyer
    37 | D        | Reached skill level 15 in Shields
    37 | D        | Reached skill level 15 in Translocations
    37 | D        | Reached skill level 15 in Invocations
    37 | D        | Reached skill level 15 in Evocations
    37 | D        | Reached XP level 23. HP: 191/256 MP: 20/38
    37 | D        | Noticed a destroyer
    38 | D        | Killed a destroyer
    39 | D        | Reached skill level 15 in Short Blades
    39 | D        | Reached skill level 15 in Transmutations
    39 | D        | Reached skill level 15 in Fire Magic
    39 | D        | Reached skill level 15 in Ice Magic
    39 | D        | Reached skill level 15 in Air Magic
    39 | D        | Reached skill level 15 in Earth Magic
    39 | D        | Reached skill level 15 in Poison Magic
    39 | D        | Killed a destroyer
    40 | D        | Killed a destroyer
    41 | D        | Reached skill level 15 in Summonings
    41 | D        | Reached skill level 15 in Necromancy
    41 | D        | Reached XP level 24. HP: 253/266 MP: 20/40
    41 | D        | Noticed a large bag of meat
    42 | D        | Reached skill level 15 in Long Blades
    42 | D        | Reached skill level 15 in Maces & Flails
    42 | D        | Reached skill level 15 in Staves
    42 | D        | Reached skill level 15 in Conjurations
    42 | D        | Reached skill level 15 in Hexes
    42 | D        | Killed a destroyer
    43 | D        | Killed a destroyer
    44 | D        | Reached skill level 15 in Polearms
    44 | D        | Reached skill level 15 in Spellcasting
    45 | D        | Reached XP level 25. HP: 274/274 MP: 21/42
    46 | D        | Killed a large bag of meat
    48 | D        | Killed a large bag of meat
    50 | D        | Noticed an accursed
    50 | D        | Noticed an accursed
    52 | D        | Reached skill level 15 in Ranged Weapons
    52 | D        | Noticed a tyrant
    53 | D        | Killed a tyrant
    56 | D        | Killed an accursed
    57 | D        | Reached XP level 26. HP: 144/284 MP: 24/44
    57 | D        | Killed an accursed
    63 | D        | Noticed a meat beast
    64 | D        | Noticed a destroyer
    66 | D        | Killed a meat beast
    67 | D        | Reached XP level 27. HP: 282/292 MP: 26/45
    67 | D        | Noticed a meat beast
    68 | D        | Noticed a destroyer
    69 | D        | Noticed a meat beast
    69 | D        | Noticed a destroyer
    69 | D        | Noticed a large bag of meat
    69 | D        | Noticed a destroyer
    70 | D        | Noticed a large bag of meat
    72 | D        | Killed a destroyer
    75 | D        | Killed a destroyer
    76 | D        | Reached skill level 27 in Stealth
    77 | D        | Killed a meat beast
    77 | D        | Killed a large bag of meat
    78 | D        | Noticed a meat beast
    79 | D        | Killed a destroyer
    81 | D        | Reached skill level 27 in Translocations
    81 | D        | Reached skill level 27 in Invocations
    81 | D        | Reached skill level 27 in Evocations
    81 | D        | Noticed a meat beast
    81 | D        | Killed a destroyer
    82 | D        | Reached skill level 27 in Shields
    82 | D        | Killed a meat beast
    83 | D        | Killed a meat beast
    84 | D        | Reached skill level 27 in Short Blades
    84 | D        | Reached skill level 27 in Transmutations
    84 | D        | Reached skill level 27 in Fire Magic
    84 | D        | Reached skill level 27 in Ice Magic
    84 | D        | Reached skill level 27 in Air Magic
    84 | D        | Reached skill level 27 in Earth Magic
    84 | D        | Reached skill level 27 in Poison Magic
    84 | D        | Killed a large bag of meat
    86 | D        | Killed a meat beast
    88 | D        | Reached skill level 27 in Conjurations
    88 | D        | Reached skill level 27 in Hexes
    90 | D        | Reached skill level 27 in Staves
    90 | D        | Noticed an accursed
    92 | D        | Reached skill level 27 in Long Blades
    92 | D        | Reached skill level 27 in Maces & Flails
    92 | D        | Reached skill level 27 in Summonings
    92 | D        | Reached skill level 27 in Necromancy
    95 | D        | Reached skill level 27 in Polearms
    95 | D        | Reached skill level 27 in Spellcasting
    97 | D        | Reached skill level 27 in Ranged Weapons
    97 | D        | Noticed a large bag of meat
    98 | D        | Killed an accursed
   102 | D        | Noticed a dread
   103 | D        | Killed a large bag of meat
   107 | D        | Noticed a dread
   111 | D        | Killed a dread
   112 | D        | Killed a dread
   113 | D        | Noticed a meat beast
   115 | D        | Noticed a fleshlord
   117 | D        | HP: 4/292 [scourge/bolt of poison (28)]
   117 | D        | Demolished by a meat beast

Illustrated notes

Levels and vault maps discovered:
D:        meatsprint

Skill      XL: |  1  2  3  4  5  6  7  8  9 10 11 12 13 14 15 16 17 18 19 20 21 22 23 24 25 26 27 |
---------------+----------------------------------------------------------------------------------+-----
Fighting       | 10 11 12 15 16 19 22 27 | 27.0
Axes           | 3 5 8 12 15 20 25 27 | 27.0
Throwing       | 9 11 12 13 14 15 17 22 27 | 27.0
Dodging        | 14 16 18 21 22 24 26 27 | 27.0
Unarmed Combat | 17 19 21 24 25 27 | 27.0
Armour         | 2 3 4 6 8 15 27 | 27.0
Short Blades   | 4 9 11 14 16 18 20 22 27 | 27.0
Long Blades    | 4 8 10 13 14 16 18 19 27 | 27.0
Maces & Flails | 4 8 10 13 14 16 18 19 27 | 27.0
Polearms       | 3 7 9 11 13 15 17 18 27 | 27.0
Staves         | 4 8 10 13 14 16 18 19 27 | 27.0
Ranged Weapons | 3 7 8 11 12 14 15 17 27 | 27.0
Stealth        | 5 11 13 16 18 20 23 25 27 | 27.0
Shields        | 5 10 12 15 17 19 21 23 27 | 27.0
Spellcasting   | 3 7 9 11 13 15 17 18 27 | 27.0
Conjurations   | 4 8 10 13 14 16 18 19 27 | 27.0
Hexes          | 4 8 10 13 14 16 18 19 27 | 27.0
Summonings     | 4 8 10 13 15 16 18 20 27 | 27.0
Necromancy     | 4 8 10 13 15 16 18 20 27 | 27.0
Translocations | 5 10 12 15 17 19 22 23 27 | 27.0
Transmutations | 4 9 11 14 16 18 20 22 27 | 27.0
Fire Magic     | 4 9 11 14 16 18 20 22 27 | 27.0
Ice Magic      | 4 9 11 14 16 18 20 22 27 | 27.0
Air Magic      | 4 9 11 14 16 18 20 22 27 | 27.0
Earth Magic    | 4 9 11 14 16 18 20 22 27 | 27.0
Poison Magic   | 4 9 11 14 16 18 20 22 27 | 27.0
Invocations    | 5 10 12 15 17 19 22 23 27 | 27.0
Evocations     | 5 10 12 15 17 19 22 23 27 | 27.0

Action                     |  1- 3 |  4- 6 |  7- 9 | 10-12 | 13-15 | 16-18 | 19-21 | 22-24 | 25-27 || total
---------------------------+-------+-------+-------+-------+-------+-------+-------+-------+-------++-------
  Melee: Executioner's axe |     1 |       |       |     1 |     6 |     8 |     8 |    11 |    40 ||    75
 Armour: Leather armour    |       |       |       |       |       |       |       |       |     1 ||     1
  Dodge: Dodged            |       |       |       |       |       |       |       |       |    17 ||    17

Table legend: (Time is in decaauts)
 A = Elapsed time spent in this place.
 B = Non-inter-level travel time spent in this place.
 C = Inter-level travel time spent in this place.
 D = Time resting spent in this place.
 E = Time spent auto-exploring this place.
 F = Levels seen in this place.
 G = Mean time per level.
                   A        B        C        D        E       F      G
               +--------+--------+--------+--------+--------+-----+--------+
         Total |    101 |    101 |      0 |      0 |      0 |   1 |  101.0 |
       Dungeon |    101 |    101 |      0 |      0 |      0 |   1 |  101.0 |
               +--------+--------+--------+--------+--------+-----+--------+

Top non-repeatable levels by time:
       D: 101 daAuts
